AoeStats
← La pomme1

Arabia

510081286Analyzed
1v1 RM · 4d ago on Sep 29, 2026· 55m 41s· 2 players
Game mode
Random Map
Map size
Tiny (2 player)
Population
200
Speed
Normal
Resources
Standard
Victory
Conquest
Starting age
Dark Age
Ending age
Imperial Age
RankedLock teamsTeams togetherTeam positionsShared explorationLock speedFull tech treeHidden civsTurbo modeCheats
Victory
Defeat
🇨🇳 Ethiopians · China
1096
+15
🇱🇧 Portuguese · Lebanon
1069
-15
La pomme1
8:27 Loom
10:37 Feudal Age
10:40 Man-at-Arms
22:09 Castle Age
22:13 Double-Bit Axe
22:13 Horse Collar
22:46 Fletching
22:29 Elite Skirmisher
25:26 Thumb Ring
28:15 Padded Archer Armor
30:51 Bow Saw
33:11 Pikeman
35:16 Wheelbarrow
44:47 Imperial Age
44:11 Ballistics
45:53 Conscription
46:52 Bodkin Arrow
47:12 Leather Archer Armor
51:11 Town Watch
clh5699可乐
9:32 Feudal Age
9:36 Man-at-Arms
10:12 Double-Bit Axe
10:14 Loom
13:20 Fletching
15:04 Padded Archer Armor
23:13 Castle Age
21:35 Gold Mining
22:14 Stone Mining
22:08 Horse Collar
23:19 Crossbowman
23:55 Bodkin Arrow
24:11 Bow Saw
26:06 Leather Archer Armor
26:38 Town Watch
27:55 Ballistics
28:06 Heavy Plow
30:16 Wheelbarrow
30:34 Husbandry
31:14 Thumb Ring
33:55 Scale Barding Armor
36:14 Chain Barding Armor
37:04 Forging
38:01 Sanctity
38:22 Iron Casting
37:49 Guard Tower
43:24 Hand Cart
46:41 Imperial Age
45:55 Squires
46:31 Sanctity
46:51 Gold Shaft Mining
46:52 Stone Shaft Mining
47:17 Scale Mail Armor
47:26 Heated Shot
48:47 Chemistry
47:10 Arbalester
47:51 Bracer
48:22 Ring Archer Armor
49:05 Blast Furnace
49:36 Two-Man Saw
49:01 Conscription
50:05 Keep
49:53 Heated Shot
50:56 Masonry
54:13 Fortified Wall
54:00 Murder Holes
54:19 Siege Engineers
Connection lost

Rejoining the realm…

Still unreachable

The connection could not be restored.

Session expired

The server has moved on; the page needs a fresh start.